Description

3 gate stalker

Replay - Cyber Forest LE (54)

Build Order

Get SALT Encoding   

  12  0:01  Probe  
  13  0:15  Pylon  
  13  0:19  Probe  
  14  0:27  Probe  
  14  0:35  Probe  
  15  0:40  Gateway  
  16  0:45  Probe  
  16  0:49  Assimilator  
  17  0:59  Assimilator  
  17  1:01  Probe  
  18  1:07  Gateway  
  18  1:13  Probe  
  19  1:25  Probe  
  20  1:30  Cybernetics Core  
  20  1:33  Gateway  
  20  1:38  Probe  
  21  1:46  Warp Gate  
  21  1:48  Pylon  
  21  1:50  Probe  
  22  2:06  Pylon  
  23  2:22  Pylon  
  23  2:24  Stalker x3  
  29  2:54  Stalker x3  
  29  2:57  Pylon  
  35  3:16  Robotics Facility  
  35  3:18  Gateway  
  35  3:35  Stalker x2  
  39  3:43  Stalker  
  37  4:27  Adept x4  
  37  4:29  Immortal  
  35  4:47  Adept x2  
  39  4:53  Adept x2  
Spawning Tool Build Advisor. Get it on Overwolf

Analysis

folloup with adepts

Go to:

Details

  • Created by: ftuttle4
  • Published on: Mar 02, 2019
  • Modified on: Mar 02, 2019
  • Patch: 4.7.1
Show
View Real Time Build Order
Export as new Build Order

Comments (2)

On Sept. 23, 2020, 1:13 p.m., Sc2KiiiA  said:

For The OFFICIAL Version
https://lotv.spawningtool.com/build/134774/

On Sept. 14, 2019, 10:48 a.m., Sc2KiiiA  said:

Actually, i have made a Few Variations to this build, the 3x 3x Tech isnt Bad, i actually like the 2 adepts 4 stalker into Tech Just a little more, based off the fact you keep your opponent honest, while you have stalkers at home to hold any aggression.

Create an account to comment!